 Dungeon Crawl Stone Soup version 0.30-a0-802-gb92711bcdf (webtiles) character file.

Game seed: 10726614655791493620

3 sircluck the Shield-Bearer (level 1, -4/22 HPs)
             Began as a Troll Fighter on Feb 24, 2023.
             Slain by a kobold
             ... wielding a +2 short sword of venom
              (5 damage)
             ... on level 1 of the Dungeon.
             The game lasted 00:00:11 (119 turns).

sircluck the Shield-Bearer (Troll Fighter)           Turns: 119, Time: 00:00:11

Health: -4/22      AC:  4    Str: 23    XL:     1   Next: 41%
Magic:  0/0        EV:  8    Int:  4    God:
Gold:   20         SH:  7    Dex:  9    Spells: 0/0 levels left

rFire   . . .      SeeInvis .      - Unarmed
rCold   . . .      Faith    .    b - +0 kite shield
rNeg    . . .      Spirit   .    a - +0 robe
rPois   .          Reflect  .    (helmet restricted)
rElec   .          Harm     .    (no cloak)
rCorr   .          Rampage  .    (gloves unavailable)
Will    .....                    (boots unavailable)
Stlth   +                        (no amulet)
HPRegen 1.03/turn                (no ring)
MPRegen 0.07/turn                (no ring)

@: lethally poisoned (-4 -> -7)
A: large, unfitting armour, claws 3, regeneration 1, shaggy fur 1, tough skin 1
a: no special abilities


You were on level 1 of the Dungeon.
You visited 1 branch of the dungeon, and saw 1 of its levels.

You collected 20 gold pieces.

Inventory:

Armour
 a - a +0 robe (worn)
 b - a +0 kite shield (worn)
Scrolls
 d - 3 scrolls of poison {unknown}
Potions
 c - a potion of might


   Skills:
 + Level 2.4 Fighting
 + Level 2.4 Dodging
 + Level 2.8 Shields
 + Level 2.0 Unarmed Combat


You couldn't memorise any spells.
You didn't know any spells.
Your spell library was empty.

Dungeon Overview and Level Annotations

Branches:
Dungeon (1/15)

Altars:


Innate Abilities, Weirdness & Mutations

You are too large for most types of armour.
You have claws for hands.
Your natural rate of healing is unusually fast.
You are covered in fur. (AC +1)
You have tough skin. (AC +1)


Message History

You feel sick.
The kobold hits you with a +2 short sword of venom.
You are more poisoned.
You feel sick. You block the kobold's attack.
You feel sick. You block the kobold's attack.
You feel sick. You block the kobold's attack.
You feel sick.
The kobold hits you with a +2 short sword of venom.
You feel sick. The kobold hits you but does no damage.
You are more poisoned.
You feel very sick.
The kobold hits you with a +2 short sword of venom.
You feel sick. You block the kobold's attack.
You feel sick. You block the kobold's attack.
You feel sick. The kobold barely misses you.
You feel sick. The kobold barely misses you.
You feel sick. The kobold barely misses you.
You feel sick. You block the kobold's attack.
You feel sick. You block the kobold's attack.
You feel sick.
You are no longer poisoned.
The kobold barely misses you. The kobold hits you but does no damage.
You are poisoned.
You feel sick. You block the kobold's attack.
You feel sick. The kobold hits you but does no damage.
You are more poisoned.
You feel very sick. The kobold barely misses you.
You feel sick.
The kobold hits you with a +2 short sword of venom.
* * * LOW HITPOINT WARNING * * *
You are lethally poisoned!
* * * LOW HITPOINT WARNING * * *
You feel very sick. The kobold hits you but does no damage.
* * * LOW HITPOINT WARNING * * *
You feel very sick.
The kobold hits you with a +2 short sword of venom.
You die...

#########
......K.# #@# ##
#.# .#
#######.##.#
...........# #
#######.#.##.###
#.#......#
#.#.###### #.#.#
#.#.#


You could see a kobold.

Vanquished Creatures
  An endoplasm (D:1)
  A goblin (D:1)
  A rat (D:1)
3 creatures vanquished.

Notes
Turn   | Place    | Note
-------+----------+-------------------------------------------
     0 | D:1      | sircluck the Troll Fighter began the quest for the Orb.
     0 | D:1      | Reached XP level 1. HP: 22/22 MP: 0/0
   119 | D:1      | HP: 1/22 [poisoned by a kobold]
   119 | D:1      | Slain by a kobold

Illustrated notes

Levels and vault maps discovered:
D:1:      wheals_arrival_linesprint, layout_basic, basic_ecumenical_altar,
          minmay_misc_feat_tower, minmay_box_of_dots

Action                     || total
---------------------------++-------
  Melee: Unarmed           ||     6
 Armour: Robe              ||     5
  Dodge: Dodged            ||     8
  Block: Kite shield       ||    13

Table legend: (Time is in decaauts)
 A = Elapsed time spent in this place.
 B = Non-inter-level travel time spent in this place.
 C = Inter-level travel time spent in this place.
 D = Time resting spent in this place.
 E = Time spent auto-exploring this place.
 F = Levels seen in this place.
 G = Mean time per level.
                   A        B        C        D        E       F      G
               +--------+--------+--------+--------+--------+-----+--------+
         Total |    119 |    119 |      0 |      0 |     72 |   1 |  119.0 |
       Dungeon |    119 |    119 |      0 |      0 |     72 |   1 |  119.0 |
               +--------+--------+--------+--------+--------+-----+--------+

Top non-repeatable levels by time:
     D:1: 119 daAuts
